 Dungeon Crawl Stone Soup version 0.26-a0-540-g8a0c9464d7 (webtiles) character file.

Game seed: 4417227621651027786

14 pk666 the Magician (level 2, -5/15 HPs)
             Began as a Deep Elf Hedge Wizard on Aug 15, 2020.
             Slain by a gnoll
             ... wielding a +0 club
              (8 damage)
             ... on level 1 of the Dungeon.
             The game lasted 00:00:56 (769 turns).

pk666 the Magician (Deep Elf Hedge Wizard)           Turns: 769, Time: 00:00:58

Health: -5/15      AC:  2    Str:  7    XL:     2   Next: 31%
Magic:  0/9        EV: 13    Int: 18    God:
Gold:   107        SH:  0    Dex: 14    Spells: 7/10 levels left

rFire    . . .     SeeInvis .   a - +0 dagger
rCold    . . .     Faith    .   (no shield)
rNeg     . . .     Spirit   .   b - +0 robe
rPois    .         Reflect  .   c - +0 hat
rElec    .         Harm     .   (no cloak)
rCorr    .                      (no gloves)
MR       .....                  (no boots)
Stlth    ++........             (no amulet)
HPRegen  0.05/turn              (no ring)
MPRegen  0.11/turn              (no ring)

@: no status effects
A: no striking features
a: no special abilities


You were on level 1 of the Dungeon.
You visited 1 branch of the dungeon, and saw 2 of its levels.

You collected 107 gold pieces.

Inventory:

Hand Weapons
 a - a +0 dagger (weapon)
Armour
 b - a +0 robe (worn)
 c - a +0 hat (worn)
Scrolls
 d - 2 scrolls of identify {unknown}
 e - a scroll of noise {unknown}
 g - 2 scrolls of magic mapping {unknown}
 h - a scroll of remove curse {unknown}
 k - a scroll of immolation {unknown}
 l - a scroll of fear {unknown}
Potions
 f - a potion of might {unknown}
 i - a potion of heal wounds {unknown}
 j - a potion of stabbing {unknown}


   Skills:
 - Level 2.4 Dodging
 - Level 2.4 Stealth
 + Level 4.9 Spellcasting
 + Level 2.0 Conjurations
   Level 1.1 Summonings
 + Level 1.2 Translocations


You had 7 spell levels left.
You knew the following spells:

 Your Spells              Type           Power        Failure   Level
a - Magic Dart            Conj           ##..         6%          1
b - Blink                 Tloc           N/A          12%         2

Your spell library contained the following spells:

 Spells                   Type           Power        Failure   Level
 Call Imp                 Summ           #.......     13%         2
 Slow                     Hex            #.......     21%         2
 Conjure Flame            Conj/Fire      #.......     26%         3
 Mephitic Cloud           Conj/Pois/Air  #.......     30%         3


Dungeon Overview and Level Annotations

Branches:
Dungeon (2/15)

Altars:
Gozag


Message History

The gnoll hits you with a +0 club.
Casting: Magic Dart (safe; 6% risk of failure)
Confirm with . or Enter, or press ? or * to list all spells.
Aiming: Magic Dart (safe; 6% risk of failure)
Press: ? - help, Shift-Dir - straight line, f/p - gnoll
Aim: a gnoll, wielding a +0 club (moderately wounded)
The magic dart hits the gnoll.
The gnoll is heavily wounded.
The gnoll hits you with a +0 club.
* * * LOW HITPOINT WARNING * * *
Casting: Magic Dart (safe; 6% risk of failure)
Confirm with . or Enter, or press ? or * to list all spells.
Aiming: Magic Dart (safe; 6% risk of failure)
Press: ? - help, Shift-Dir - straight line, f/p - gnoll
Aim: a gnoll, wielding a +0 club (heavily wounded)
The magic dart hits the gnoll.
The gnoll is severely wounded.
The gnoll hits you with a +0 club!
Ouch! That really hurt!
You die...

##.##...........#
#..##...........##
..###.[........(.#
########### ###
#.#####......###.........#
..###.#
#..................#
#.##..#
#).....###.........#
#....######......#
#.........#
###..###......[g.#
#.........#
.........##..)..@#
###########
#####............#
####..#####......# #..†.##
#......# ..#### ########
###


You could see a gnoll.

Vanquished Creatures
  A leopard gecko (D:1)
  5 bats (D:1)
  A giant cockroach (D:1)
  2 goblins (D:1)
  A frilled lizard (D:1)
  2 kobolds (D:1)
  2 rats (D:1)
14 creatures vanquished.

Notes
Turn   | Place    | Note
-------+----------+-------------------------------------------
     0 | D:1      | pk666 the Deep Elf Hedge Wizard began the quest for the
                  | Orb.
     0 | D:1      | Reached XP level 1. HP: 10/10 MP: 7/7
   286 | D:1      | Reached XP level 2. HP: 15/15 MP: 7/9
   310 | D:1      | Learned a level 2 spell: Blink
   674 | D:2      | Found an opulent altar of Gozag.
   769 | D:1      | Slain by a gnoll

Illustrated notes

Levels and vault maps discovered:
D:1:      minmay_arrival_shattered_statue, layout_rooms, serial_bayou_pond_e
D:2:      layout_basic, nicolae_gozag_seed_capital

Skill      XL: |  1  2 |
---------------+-------+-----
Conjurations   | 2 |  2.0
Dodging        | |  2.4
Stealth        | |  2.4
Spellcasting   | |  4.9
Summonings     | |  1.1
Translocations | |  1.2

Action                   || total
-------------------------++-------
Melee: Dagger            ||     1
 Cast: Magic Dart        ||    36
Armor: Robe              ||     2
Dodge: Dodged            ||     7

Table legend: (Time is in decaauts)
 A = Elapsed time spent in this place.
 B = Non-inter-level travel time spent in this place.
 C = Inter-level travel time spent in this place.
 D = Time resting spent in this place.
 E = Time spent auto-exploring this place.
 F = Levels seen in this place.
 G = Mean time per level.
                   A        B        C        D        E       F      G
               +--------+--------+--------+--------+--------+-----+--------+
         Total |    770 |    754 |     16 |     63 |    614 |   2 |  385.0 |
       Dungeon |    770 |    754 |     16 |     63 |    614 |   2 |  385.0 |
               +--------+--------+--------+--------+--------+-----+--------+

Top non-repeatable levels by time:
     D:1: 679 daAuts
     D:2: 90 daAuts
